 Dungeon Crawl Stone Soup version 0.30.0 (webtiles) character file.

Game seed: 6184142526447788435

75 Dani the Chopper (level 4, 19/35 HPs)
             Began as a Demonspawn Fighter on May 20, 2023.
             Quit the game on level 2 of the Dungeon.
             The game lasted 00:02:07 (1307 turns).

Dani the Chopper (Demonspawn Fighter)               Turns: 1307, Time: 00:02:07

Health: 19/35      AC:  9    Str: 16    XL:     4   Next: 11%
Magic:  4/4        EV:  8    Int: 12    God:
Gold:   48         SH:  4    Dex: 12    Spells: 3/3 levels left

rFire   . . .        a - +0 war axe
rCold   . . .        c - +0 buckler
rNeg    . . .        b - +0 scale mail
rPois   .            (helmet restricted)
rElec   .            l - +0 cloak
rCorr   .            (no gloves)
SInv    .            (no boots)
Will    .....        (no amulet) Stlth
                     (no ring)
HPRegen 0.25/turn    (no ring)
MPRegen 0.09/turn

%: no passive effects
@: no status effects
A: antennae 1, icy blue scales 1
a: no special abilities


You were on level 2 of the Dungeon.
You visited 1 branch of the dungeon, and saw 2 of its levels.

You collected 48 gold pieces.

Inventory:

Hand Weapons
 a - a +0 war axe (weapon)
Armour
 b - a +0 scale mail (worn)
 c - a +0 buckler (worn)
 l - a +0 cloak (worn)
   (You found it on level 1 of the Dungeon)
Scrolls
 e - a scroll of enchant weapon {unknown}
 g - 2 scrolls of fear {unknown}
 h - a scroll of blinking {unknown}
 i - a scroll of amnesia {unknown}
 k - 2 scrolls of identify {unknown}
 m - a scroll of silence {unknown}
Potions
 d - 2 potions of might
 f - 2 potions of magic {unknown}
 j - a potion of heal wounds {unknown}
 n - a potion of flight {unknown}


   Skills:
 - Level 3.0 Fighting
 + Level 4.0 Axes
 - Level 2.6 Armour
 - Level 2.6 Shields


You had 3 spell levels left.
You didn't know any spells.
Your spell library was empty.

Dungeon Overview and Level Annotations

Branches:
Dungeon (2/15)

Altars:


Innate Abilities, Weirdness & Mutations

You have a pair of small antennae on your head.
You are partially covered in icy blue scales. (AC +2)


Message History

Terence hits you with a +0 hand axe. The ball python completely misses you.
The ball python constricts you.
You hit the ball python.
The ball python is severely wounded.
You hit Terence.
The ball python bites you but does no damage.
The ball python constricts you. Terence closely misses you.
You block the ball python's attack. The ball python constricts you.
Terence hits you with a +0 hand axe.
* * * LOW HITPOINT WARNING * * *
There are monsters nearby!
You barely miss the ball python.
The ball python is heavily wounded.
You hit Terence but do no damage. The ball python bites you.
* * * LOW HITPOINT WARNING * * *
The ball python constricts you. Terence barely misses you.
There are monsters nearby!
You slash the ball python!
You kill the ball python!
You barely miss Terence. Terence hits you with a +0 hand axe.
* * * LOW HITPOINT WARNING * * *
There are monsters nearby!
You slash Terence!
You kill Terence!
You hit the rat but do no damage. The rat bites you but does no damage.
The rat closely misses you.
You hit the rat.
You kill the rat!
Unknown command.
n - a green potion
Things that are here:
a +0 hand axe; a +0 scale mail You see here a +0 morningstar.
You now have 48 gold pieces (gained 4).
Key pressed, stopping explore.
k - 2 scrolls labelled WAGIDU MOIFYCS (gained 1)
A kobold comes into view. It is wielding a +0 dagger.
The kobold shouts!
You hear an angry hiss.
A kobold is nearby!
A kobold is nearby!
A kobold is nearby!
A kobold is nearby!
An adder comes into view.
The kobold throws a stone.
The stone barely misses you. The adder bites you but does no damage.
There are monsters nearby!
You hit the adder but do no damage. The adder bites you.
An endoplasm comes into view.
The adder bites you but does no damage.
There are monsters nearby!
You miss the adder. You closely miss the kobold.
The endoplasm quivers.
The adder closely misses you. The kobold closely misses you.
The adder bites you but does no damage. The kobold hits you but does no damage.
You hit the adder.
The adder is heavily wounded.
You closely miss the kobold. The adder bites you but does no damage.
The kobold closely misses you.
There are monsters nearby!
You barely miss the adder.
The adder is heavily wounded.
You barely miss the kobold. The adder closely misses you.
The adder bites you but does no damage. You block the kobold's attack.
There are monsters nearby!
You closely miss the adder.
The adder is heavily wounded.
You hit the kobold.
You kill the kobold!
You block the adder's attack. The adder bites you but does no damage.
There are monsters nearby!
You closely miss the adder.
The adder is heavily wounded.
You hit the endoplasm. You block the adder's attack.
The endoplasm barely misses you. You block the adder's attack.
There are monsters nearby!
You slash the adder!
You kill the adder!
You hit the endoplasm. The endoplasm freezes you.
You are frozen.
Your Axes skill increases to level 4!
You have reached level 4!
You feel clever.
Your demonic ancestry asserts itself...
Icy blue scales grow over part of your body.
You hit the endoplasm but do no damage.
The endoplasm is severely wounded.
The endoplasm freezes you.
You are frozen.
The endoplasm freezes you.
You are frozen.
* * * LOW HITPOINT WARNING * * *
You barely miss the endoplasm.
The endoplasm is severely wounded.
The endoplasm hits you.
* * * LOW HITPOINT WARNING * * *
You slash the endoplasm!
You kill the endoplasm!
Okay, then.
Unknown command.
Are you sure you want to abandon this character and quit the game? (Confirm with "yes".)

# ##.#†#.# #
#..)..# ##
###†..## ..
#.#.).# #.
#.#...# #.
#.##.## #.
#.##.#
..####.##.##.#
##
......)@...#.#
..
.......##.##.#.#
#.##### #.....#
#####.# .# .# ##


There were no monsters in sight!

Vanquished Creatures
  Terence (D:2)
  2 adders (D:2)
  A dart slug (D:1)
  5 ball pythons
  An endoplasm (D:2)
  A giant cockroach (D:1)
  A goblin (D:1)
  4 hobgoblins
  4 jackals (D:1)
  3 kobolds
  A quokka (D:1)
  A bat (D:2)
  3 frilled lizards
  A rat (D:2)
29 creatures vanquished.

Notes
Turn   | Place    | Note
-------+----------+-------------------------------------------
     0 | D:1      | Dani the Demonspawn Fighter began the quest for the Orb.
     0 | D:1      | Reached XP level 1. HP: 18/18 MP: 1/1
   112 | D:1      | Reached skill level 2 in Axes
   190 | D:1      | Gained mutation: You have a pair of small antennae on your
                  | head. [demonic ancestry]
   190 | D:1      | Reached XP level 2. HP: 17/24 MP: 2/2
   980 | D:2      | Reached skill level 3 in Axes
   980 | D:2      | Reached XP level 3. HP: 29/29 MP: 3/3
  1206 | D:2      | Noticed Terence
  1212 | D:2      | Killed Terence
  1304 | D:2      | Reached skill level 4 in Axes
  1304 | D:2      | Gained mutation: You are partially covered in icy blue
                  | scales. (AC +2) [demonic ancestry]
  1304 | D:2      | Reached XP level 4. HP: 29/35 MP: 4/4
  1307 | D:2      | Quit the game

Illustrated notes

Levels and vault maps discovered:
D:1:      minmay_arrival_five_plusses, layout_basic
D:2:      minmay_general_purpose_star, layout_loops_corners,
          shapermc_ecumenical_altar_starsandcircs, minmay_pentomino_q4,
          uniq_terence

Skill      XL: |  1  2  3 |
---------------+----------+-----
Axes           | 2 3 4 |  4.0
Fighting       | |  3.0
Armour         | |  2.6
Shields        | |  2.6

Action                     |  1- 3 |  4- 6 || total
---------------------------+-------+-------++-------
  Melee: War axe           |    63 |     3 ||    66
 Armour: Scale mail        |    36 |       ||    36
  Dodge: Dodged            |    30 |       ||    30
  Block: Buckler           |    18 |       ||    18

Levels and vault maps discovered:
D:1:      minmay_arrival_five_plusses, layout_basic
D:2:      minmay_general_purpose_star, layout_loops_corners,
          shapermc_ecumenical_altar_starsandcircs, minmay_pentomino_q4,
          uniq_terence

Table legend: (Time is in decaauts)
 A = Elapsed time spent in this place.
 B = Non-inter-level travel time spent in this place.
 C = Inter-level travel time spent in this place.
 D = Time resting spent in this place.
 E = Time spent auto-exploring this place.
 F = Levels seen in this place.
 G = Mean time per level.
                   A        B        C        D        E       F      G
               +--------+--------+--------+--------+--------+-----+--------+
         Total |   1331 |   1309 |     22 |      0 |   1132 |   2 |  665.5 |
       Dungeon |   1331 |   1309 |     22 |      0 |   1132 |   2 |  665.5 |
               +--------+--------+--------+--------+--------+-----+--------+

Top non-repeatable levels by time:
     D:1: 985 daAuts
     D:2: 345 daAuts

Table legend:
 A = Kills in this place as a percentage of kills in the entire game.
 B = Kills by you in this place as a percentage of kills by you in the entire game.
 C = Kills by friends in this place as a percentage of kills by friends in the entire game.
 D = Other kills in this place as a percentage of other kills in the entire game.
 E = Experience gained in this place as a percentage of experience gained in the entire game.
 F = Experience gained in this place divided by the number of levels of this place that you have seen.
                   A       B       C       D       E      F
               +-------+-------+-------+-------+-------+----------------------
         Total | 100.0 | 100.0 |   N/A |   N/A | 100.0 |  54.0
       Dungeon | 100.0 | 100.0 |   N/A |   N/A | 100.0 |  54.0
               +-------+-------+-------+-------+-------+----------------------
